 Seeded DCSS version 0.30-a0-948-g4fa250aae5 (webtiles) character file.

Game seed: 3841577309390396182 (custom seed)

1040 bmack86 the Trooper (level 8, -1/73 HPs)
             Began as a Minotaur Fighter on Mar 26, 2023.
             Slain by Dowan
             ... wielding a +1 dagger of speed
              (2 damage)
             ... on level 6 of the Dungeon.
             The game lasted 00:11:29 (4286 turns).

bmack86 the Trooper (Minotaur Fighter)              Turns: 4286, Time: 00:11:30

Health: -1/73      AC:  8    Str: 22    XL:     8   Next: 4%
Magic:  0/7        EV:  6    Int:  5    God:
Gold:   329        SH: 15    Dex: 11    Spells: 7/7 levels left

rFire   . . .      SeeInvis .    a - +0 war axe
rCold   . . .      Faith    .    x - +2 tower shield of the Endless Expanse {Will+ Regen+}
rNeg    . . .      Spirit   +    b - +0 scale mail
rPois   .          Reflect  .    (helmet restricted)
rElec   .          Rampage  .    v - +0 cloak
rCorr   .                        (no gloves)
Will    +....                    (no boots) Stlth
                                 g - amulet of guardian spirit
HPRegen 1.12/turn                (no ring)
MPRegen 0.10/turn                (no ring)

@: studying Fighting
A: horns 2, retaliatory headbutt
a: no special abilities


You were on level 6 of the Dungeon.
You visited 1 branch of the dungeon, and saw 6 of its levels.

You collected 353 gold pieces.
You spent 24 gold pieces at shops.

Inventory:

Hand Weapons
 a - a +0 war axe (weapon)
 D - a +0 war axe
Missiles
 n - 3 poisoned darts
 t - a throwing net (quivered)
Armour
 b - a +0 scale mail (worn)
 c - a +0 buckler
 v - a +0 cloak (worn)
 x - the +2 tower shield of the Endless Expanse (worn) {Will+ Regen+}
   (You took it off an orc on level 3 of the Dungeon)

   Regen:     It increases your rate of health regeneration.
   Will:      It increases your willpower.
Jewellery
 g - an amulet of guardian spirit (around neck)
Wands
 q - a wand of charming (7)
 u - a wand of polymorph (7)
Scrolls
 e - 2 scrolls of blinking {unknown}
 f - a scroll of noise {unknown}
 j - 2 scrolls of immolation {unknown}
 k - 4 scrolls of magic mapping
 p - 2 scrolls of teleportation {unknown}
 r - a scroll of amnesia {unknown}
 y - 2 scrolls of poison {unknown}
 B - a scroll of enchant armour {unknown}
 C - a scroll of fear {unknown}
Potions
 h - 2 potions of magic
 i - 7 potions of curing
 l - a potion of resistance {unknown}
 m - a potion of flight {unknown}
 o - a potion of haste {unknown}
 s - 2 potions of degeneration {unknown}
 w - 2 potions of invisibility {unknown}
 z - a potion of heal wounds {unknown}
 A - 2 potions of attraction {unknown}
 E - a potion of lignification {unknown}


   Skills:
 + Level 7.2 Fighting
 * Level 7.1 Axes
 + Level 3.0 Throwing
 + Level 5.8 Armour
 + Level 5.9 Shields


You had 7 spell levels left.
You didn't know any spells.
Your spell library contained the following spells:

 Spells                   Type           Power      Damage    Failure   Level
 Blink                    Tloc           0%         N/A       100%        2
 Cigotuvi's Dreadful Rot  Necr/Pois/Air  0%         N/A       100%        2
 Poisonous Vapours        Pois/Air       0%         N/A       100%        2
 Dazzling Flash           Conj/Hex       0%         N/A       100%        3
 Frozen Ramparts          Ice            0%         1d1       100%        3
 Ignite Poison            Fire/Tmut/Pois 0%         N/A       100%        3
 Inner Flame              Hex/Fire       0%         N/A       100%        3
 Kindle Blastsparks       Fire/Tloc/Air  0%         2d10      100%        3
 Mephitic Cloud           Conj/Pois/Air  0%         N/A       100%        3
 Cause Fear               Hex            0%         N/A       100%        4
 Ice Form                 Ice/Tmut       0%         N/A       100%        4
 Manifold Assault         Tloc           0%         N/A       100%        4
 Summon Ice Beast         Ice/Summ       0%         N/A       100%        4
 Agony                    Necr           0%         N/A       100%        5
 Freezing Cloud           Conj/Ice/Air   0%         6-21      100%        5
 Silence                  Hex/Air        0%         N/A       100%        5
 Storm Form               Tmut/Air       0%         N/A       100%        7
 Discord                  Hex            0%         N/A       100%        8


Dungeon Overview and Level Annotations

Branches:
Dungeon (6/15)
 Temple: D:4-7

Altars:

Shops:
D:3 ?   D:4 =[(

Annotations:
D:6 Dowan, Duvessa


Innate Abilities, Weirdness & Mutations

You have a pair of horns on your head.
You reflexively headbutt those who attack you in melee.


Message History

The orc wizard is healed somewhat.
Duvessa hits you with a +0 short sword. The ice beast hits you.
The ice beast freezes you!
* * * LOW HITPOINT WARNING * * *
The wight barely misses you. You furiously retaliate!
You headbutt the wight. You slash the orc wizard!
You kill the orc wizard!
You slash Duvessa! You slash the wight!
You destroy the wight!
You hit the ice beast. You hit Dowan but do no damage.
Dowan hits you but does no damage. You block Dowan's attack.
The orc priest hits you from afar with a +0 trident.
* * * LOW HITPOINT WARNING * * *
Duvessa barely misses you. You furiously retaliate!
You headbutt Duvessa, but do no damage.
The ice beast hits you but does no damage.
Dowan hits you with a +1 dagger of speed.
* * * LOW HITPOINT WARNING * * *
Your Axes skill increases to level 7!
Your Throwing skill increases to level 3!
You have reached level 8!
You feel agile.
Found a flail.
The orc priest miscasts a cantrip.
You block Duvessa's attack.
The ice beast hits you but does no damage.
Dowan gestures at you while chanting. The puff of flame hits you!
* * * LOW HITPOINT WARNING * * *
Things that are here:
a +0 dagger; a +0 robe You slash Duvessa!
Duvessa is severely wounded.
You hit the ice beast. You closely miss Dowan. You closely miss the orc priest.
The orc priest closely misses you. You block Duvessa's attack.
The ice beast hits you.
* * * LOW HITPOINT WARNING * * *
The ice beast freezes you!
* * * LOW HITPOINT WARNING * * *
Dowan hits you with a +1 dagger of speed.
You die...

,*,,,,,,,,,*,,,,,*,*,,,,* *,,,,
,#...............*,*,,).* *,,,,
,#........##....#*,*,...* *,,,,
,#........+,....+,,*....* *,,,,
,#........#*,...####....*****,,,,
,#........#*,,../.......,,,,,,,,,
,#........#**##.........,*****,**
,#........####.)e.......,,* *,,,
,#..............@.......,,*******
,#...#########)Yeo.)....,,,,,,,,,
+#...### #..........,,,******
.......# ##.........,*,* .......#
#.........,*,****** .......#
#.........,*,,,,,,, +#...###
#.>.......,*,,,,,,, .....#
#.........,*,,,,,,, .....#
*,*****,*,,*,,,,,,,


You could see Duvessa, an ice beast, Dowan and an orc priest.

Vanquished Creatures
  A black bear (D:5)
  An ogre (D:5)
  2 gnoll sergeants (D:5)
  Blork the orc (D:5)
  2 scorpions
  A wight (D:6)
  2 hounds (D:5)
  Crazy Yiuf (D:2)
  Natasha (thrice) (D:2)
  An iguana (D:5)
  An orc wizard (D:6)
  10 gnolls (D:5)
  9 adders
  An ufetubus (D:5)
  A worm (D:4)
  A dart slug (D:3)
  6 orcs
  7 ball pythons
  6 endoplasms
  2 giant cockroaches
  11 goblins
  12 hobgoblins
  4 jackals (D:1)
  5 quokkas
  3 bats
  2 frilled lizards
  9 kobolds
  5 rats
110 creatures vanquished.

Vanquished Creatures (others)
  A fungus (D:5)
  A plant (D:5)
2 creatures vanquished.

Grand Total: 112 creatures vanquished

Notes
Turn   | Place    | Note
-------+----------+-------------------------------------------
     0 | D:1      | bmack86 the Minotaur Fighter began the quest for the Orb.
     0 | D:1      | Reached XP level 1. HP: 19/19 MP: 0/0
   132 | D:1      | Reached XP level 2. HP: 24/27 MP: 1/1
   668 | D:1      | Reached XP level 3. HP: 27/33 MP: 2/2
   811 | D:2      | Noticed Natasha
   814 | D:2      | Killed Natasha
   815 | D:2      | Reached XP level 4. HP: 35/40 MP: 1/3
   846 | D:2      | Noticed Natasha
   854 | D:2      | Killed Natasha
   975 | D:2      | Found a runed translucent door.
   976 | D:2      | Noticed Crazy Yiuf
  1611 | D:2      | Noticed Natasha
  1624 | D:2      | Killed Natasha
  1735 | D:2      | Killed Crazy Yiuf
  1736 | D:2      | Reached XP level 5. HP: 37/47 MP: 2/4
  1853 | D:3      | Found Ruoj Bon's Magic Scroll Boutique.
  1863 | D:3      | Bought a scroll of identify for 24 gold pieces
  2072 | D:3      | Identified the +2 tower shield of the Endless Expanse
                  | {Will+ Regen+}
  2574 | D:4      | Found Okkemaoc's Jewellery Emporium.
  2584 | D:4      | Reached skill level 5 in Fighting
  2584 | D:4      | Reached skill level 5 in Axes
  2584 | D:4      | Reached skill level 1 in Throwing
  2584 | D:4      | Reached XP level 6. HP: 45/56 MP: 3/5
  2854 | D:4      | Found Quoxoum's Weapon Shoppe.
  2858 | D:4      | Found Zirchise's Armour Emporium.
  3084 | D:5      | Entered Level 5 of the Dungeon
  3393 | D:5      | Reached skill level 5 in Armour
  3393 | D:5      | Reached skill level 5 in Shields
  3631 | D:5      | Noticed Blork the orc
  3646 | D:5      | Reached XP level 7. HP: 51/63 MP: 3/6
  3651 | D:5      | Killed Blork the orc
  4274 | D:6      | Noticed Dowan
  4275 | D:6      | Noticed Duvessa
  4285 | D:6      | Reached XP level 8. HP: 13/73 MP: 2/7
  4286 | D:6      | HP: 1/73 [ice beast (8)]
  4286 | D:6      | Slain by Dowan

Illustrated notes

Levels and vault maps discovered:
D:1:      psy_arrival_basics, layout_loops_ring
D:2:      layout_loops_corners, minivault_4, uniq_crazy_yiuf_cottage,
          uniq_natasha
D:3:      layout_basic, serial_shops, nicolae_shop_crystal, item_on_display_a
D:4:      layout_rooms, serial_shops, nicolae_shop_crystal, shop,
          nicolae_shop_hallway_plus, st_stairs_13, grunt_decor_arrowhead
D:5:      corexii_shack_village, layout_basic, chequers_serial_rivers_micro_e,
          dreamdust_gnoll_farm, uniq_blork_the_orc
D:6:      layout_basic, nicolae_uskayaw_en_pointe, serial_shops,
          nicolae_shop_behind_doors, gup_sewer_entry_pipe,
          lightli_ossuary_entry_decrepit_ruins, uniq_duvessa, uniq_maggie,
          uniq_grinder

Skill      XL: |  1  2  3  4  5  6  7 |
---------------+----------------------+-----
Axes           | 3 4 5 7 |  7.1
Shields        | 4 5 |  5.9
Fighting       | 4 5 6 7 |  7.2
Armour         | 4 5 |  5.8
Throwing       | 1 2 3 |  3.0

Action                     |  1- 3 |  4- 6 |  7- 9 || total
---------------------------+-------+-------+-------++-------
  Melee: War axe           |    61 |   183 |    44 ||   288
         Headbutt          |     3 |    25 |    16 ||    44
  Throw: Dart              |       |     7 |       ||     7
    Use: Scroll            |       |     3 |     1 ||     4
         Potion            |       |     1 |     1 ||     2
 Armour: Scale mail        |    35 |    66 |    48 ||   149
  Dodge: Dodged            |    29 |    58 |    13 ||   100
  Block: Buckler           |    22 |    15 |       ||    37
         Tower shield      |       |   108 |    75 ||   183

Table legend: (Time is in decaauts)
 A = Elapsed time spent in this place.
 B = Non-inter-level travel time spent in this place.
 C = Inter-level travel time spent in this place.
 D = Time resting spent in this place.
 E = Time spent auto-exploring this place.
 F = Levels seen in this place.
 G = Mean time per level.
                   A        B        C        D        E       F      G
               +--------+--------+--------+--------+--------+-----+--------+
         Total |   4439 |   4348 |     91 |     69 |   2795 |   6 |  739.8 |
       Dungeon |   4439 |   4348 |     91 |     69 |   2795 |   6 |  739.8 |
               +--------+--------+--------+--------+--------+-----+--------+

Top non-repeatable levels by time:
     D:5: 1222 daAuts
     D:2: 1048 daAuts
     D:3: 812 daAuts
     D:1: 789 daAuts
     D:4: 528 daAuts
     D:6: 38 daAuts
